WCHLSIM.com - West Coast Hockey League
html PUBLIC "-//W3C//DTD XHTML 1.0 Transitional//EN" "http://www.w3.org/TR/xhtml1/DTD/xhtml1-transitional.dtd"> WCHL - Game 63 - LAS VEGAS LIZARD KINGS vs NORTH DAKOTA HAWKS

LAS VEGAS LIZARD KINGS vs NORTH DAKOTA HAWKS

Created - 22 octobre 2023 at 00:26

Goals
1 2 3 OT1 T
LAS VEGAS LIZARD KINGS 1 1 0 0 2
NORTH DAKOTA HAWKS 1 0 1 1 3
Shots
1 2 3 OT1 T
LAS VEGAS LIZARD KINGS 8 9 6 1 24
NORTH DAKOTA HAWKS 7 8 11 4 30

1st period

1. NORTH DAKOTA HAWKS , Jordan Kyrou 4 (Jason Robertson 3, Jack Hughes 3) at 15:42
2. LAS VEGAS LIZARD KINGS , Brandon Hagel 2 (Evan Rodrigues 1) at 18:52

Penalties :
Cale Makar (NDH) for Holding (Minor) at 2:42

2nd period

3. LAS VEGAS LIZARD KINGS , Evan Rodrigues 2 (Jeff Carter 2) at 9:22

Penalties :
Jacob Bryson (LVG) for High sticking (Minor) at 3:00

3rd period

4. NORTH DAKOTA HAWKS , Nick Suzuki 1 (Cale Makar 3, Reyley Smith 1) at 0:43

Penalties :
Vladislav Namestnikov (LVG) for Holding (Minor) at 4:53

Overtime #1

5. NORTH DAKOTA HAWKS , Nick Suzuki 2 (Jordan Kyrou 2, Erik Johnson 2) at 3:57

Penalties :
No Penalty

Goalie Stats

Kaapo Kahkonen (LVG), 27 saves from 30 shots - (0,900), OTL, 0-0-1, 63:58 minutes
Linus Ullmark (NDH), 22 saves from 24 shots - (0,917), W, 3-1-0, 63:58 minutes

Players Stats for LAS VEGAS LIZARD KINGS

Player Name              G  A  P  +/- PIM S  H  SB GA TA FO     MP     PP MP  PK MP  
------------------------------------------------------------------------------------
Brandon Hagel            1  0  1   2  0   6  2  1  0  0  0/0    20:33   1:05   2:06 
Brayden McNabb           0  0  0  -1  0   0  0  2  0  0  0/0    26:48   1:05   1:52 
Dmitry Kulikov           0  0  0   0  0   0  1  2  0  0  0/0    21:24   1:05   2:06 
Evan Rodrigues           1  1  2   2  0   2  0  0  0  0  1/1    16:11   0:00   0:00 
Jacob Bryson             0  0  0   0  2   0  1  4  0  0  0/0    14:21   0:00   0:00 
Jeff Carter              0  1  1   2  0   2  0  0  0  0  13/23  17:16   1:05   0:00 
Joe Pavelski             0  0  0  -1  0   5  0  0  0  0  2/5    23:56   0:54   1:52 
John Marino              0  0  0   0  0   0  2  5  0  0  0/0    21:11   0:54   1:52 
Johnny Gaudreau          0  0  0  -2  0   1  0  0  0  0  1/3    23:04   0:54   0:00 
Jordan Greenway          0  0  0   0  0   0  1  0  0  0  0/0     5:07   0:00   0:00 
Luke Glendening          0  0  0   0  0   1  1  0  0  0  4/7     5:07   0:00   0:00 
Matt Roy                 0  0  0   0  0   0  1  2  0  0  0/0    23:45   0:54   0:00 
Patrik Nemeth            0  0  0   0  0   0  1  2  0  0  0/0    16:28   0:00   2:06 
Ryan Nugent-Hopkins      0  0  0  -2  0   5  1  1  0  0  15/25  24:56   0:54   1:52 
Ty Dellandrea            0  0  0  -1  0   0  0  0  0  0  10/18  15:16   0:00   2:06 
Victor Olofsson          0  0  0   0  0   0  1  0  0  0  0/0     6:12   1:05   0:00 
Vladislav Namestnikov    0  0  0  -1  2   2  0  0  0  0  1/1    13:09   0:00   0:00 
Zemgus Girgensons        0  0  0  -1  0   0  1  1  0  0  0/0    13:10   0:00   0:00 

Players Stats for NORTH DAKOTA HAWKS

Player Name              G  A  P  +/- PIM S  H  SB GA TA FO     MP     PP MP  PK MP  
------------------------------------------------------------------------------------
Alex Belzile             0  0  0   0  0   1  0  0  0  0  1/2     7:47   0:00   0:00 
Cale Makar               0  1  1   1  2   0  2  0  0  0  0/0    24:25   2:00   0:00 
Connor Clifton           0  0  0   0  0   0  1  1  0  0  0/0    17:45   0:57   0:50 
Connor Dewar             0  0  0   0  0   0  0  0  0  0  1/8     7:47   0:00   0:00 
Dillon Dube              0  0  0  -2  0   2  1  0  0  0  0/3    14:37   1:16   0:00 
Emil Bemstrom            0  0  0  -2  0   1  1  0  0  0  0/3    13:21   0:00   0:00 
Erik Johnson             0  1  1   1  0   0  0  1  0  0  0/0    17:37   0:00   1:09 
Frederick Gaudreau       0  0  0  -2  0   1  0  0  0  0  9/18   16:40   1:58   1:21 
Garnet Hathaway          0  0  0   0  0   2  3  0  0  0  0/0     9:08   0:00   1:21 
Jack Hughes              0  1  1   1  0   3  1  0  0  0  8/22   21:04   2:00   0:00 
Jake DeBrusk             0  0  0   1  0   4  1  0  0  0  0/1    18:32   1:58   0:38 
Jason Robertson          0  1  1   1  0   0  0  0  0  0  0/0    21:04   2:00   0:00 
Jordan Kyrou             1  1  2   2  0   2  1  0  0  0  0/0    20:52   2:00   0:00 
Mathew Dumba             0  0  0  -1  0   2  1  1  0  0  0/0    18:53   0:00   1:09 
Nick Blankenburg         0  0  0  -1  0   0  1  0  0  0  0/0    19:29   1:45   0:00 
Nick Suzuki              2  0  2   2  0   8  0  0  0  0  17/26  20:25   1:58   0:38 
Reyley Smith             0  1  1   1  0   1  1  0  0  0  0/0    17:54   1:58   0:00 
Ryan Lindgren            0  0  0   1  0   3  0  2  0  0  0/0    22:34   0:00   0:50 

3 Stars

1 - Nick Suzuki (NDH)
2 - Jordan Kyrou (NDH)
3 - Evan Rodrigues (LVG)

Power Play

LAS VEGAS LIZARD KINGS - 0 on 1 Attempt(s) - 0,00%
NORTH DAKOTA HAWKS - 0 on 2 Attempt(s) - 0,00%

Penalty Kill

LAS VEGAS LIZARD KINGS - 2 on 2 Attempt(s) - 100,00% - Score 0 goal in Penalty Kill
NORTH DAKOTA HAWKS - 1 on 1 Attempt(s) - 100,00% - Score 0 goal in Penalty Kill

Team Stat

LAS VEGAS LIZARD KINGS - Hits : 13 - Faceoff Wins : 47 - Blocked Shots : 20 - Penalty Minutes : 4
NORTH DAKOTA HAWKS - Hits : 14 - Faceoff Wins : 36 - Blocked Shots : 5 - Penalty Minutes : 2

Official

Referees : Kyle Rehman and Chris Schlenker
Linesman : Ryan Galloway and Steve Barton

Game Notes

No Game Note

Finance

Level 1 -- Attendance: 6000 (100,00%) -- Ticket Income 960 000 $
Level 2 -- Attendance: 4936 (98,72%) -- Ticket Income 542 960 $
Level 3 -- Attendance: 2000 (100,00%) -- Ticket Income 180 000 $
Level 4 -- Attendance: 4000 (100,00%) -- Ticket Income 240 000 $
Luxury Box -- Attendance: 930 (93,00%) -- Ticket Income 274 350 $
Total Attendance: 17866 (99,26%)
Total Ticket Income: 2 197 310 $
Other Expense: 21 973 $
Total Income: 2 175 337 $

LAS VEGAS LIZARD KINGS

5 vs 5 Forward 
   Center                   Left Wing                Right Wing               Time % Phy DF OF 
 1 Ryan Nugent-Hopkins      Johnny Gaudreau          Joe Pavelski             37     0   1  4  
 2 Jeff Carter              Brandon Hagel            Evan Rodrigues           30     0   2  3  
 3 Ty Dellandrea            Vladislav Namestnikov    Zemgus Girgensons        25     0   4  1  
 4 Luke Glendening          Jordan Greenway          Victor Olofsson          8      1   3  1  

5 vs 5 Defense 
   Defense                  Defense                                           Time % Phy DF OF 
 1 Brayden McNabb           Matt Roy                                          40     1   2  2  
 2 John Marino              Dmitry Kulikov                                    35     1   2  2  
 3 Patrik Nemeth            Jacob Bryson                                      25     1   3  1  
 4 Brayden McNabb           Matt Roy                                          0      1   2  2  

PowerPlay Forward 
   Center                   Left Wing                Right Wing               Time % Phy DF OF 
 1 Ryan Nugent-Hopkins      Johnny Gaudreau          Joe Pavelski             65     0   0  5  
 2 Jeff Carter              Brandon Hagel            Victor Olofsson          35     0   0  5  

PowerPlay Defense
   Defense                  Defense                                           Time % Phy DF OF 
 1 John Marino              Matt Roy                                          55     0   1  2  
 2 Brayden McNabb           Dmitry Kulikov                                    45     0   1  4  

Penalty Kill 4 Players Forward 
   Center                   Wing                     Time % Phy DF OF 
 1 Ty Dellandrea            Brandon Hagel            55     1   2  2  
 2 Joe Pavelski             Ryan Nugent-Hopkins      45     1   2  2  

Penalty Kill 4 Players Defense
   Defense                  Defense                  Time % Phy DF OF 
 1 Brayden McNabb           John Marino              60     1   2  2  
 2 Patrik Nemeth            Dmitry Kulikov           40     1   2  2  

Penalty Kill - 3 Players Forward 
   Forward                                           Time % Phy DF OF 
 1 Zemgus Girgensons                                 55     1   4  0  
 2 Luke Glendening                                   45     1   4  0  

Penalty Kill - 3 Players Defense
   Defense                  Defense                  Time % Phy DF OF 
 1 Brayden McNabb           John Marino              55     1   4  0  
 2 Patrik Nemeth            Dmitry Kulikov           45     1   4  0  

4 vs 4 Forward 
   Center                   Wing                     Time % Phy DF OF 
 1 Ryan Nugent-Hopkins      Johnny Gaudreau          55     1   2  2  
 2 Jeff Carter              Joe Pavelski             45     1   2  2  

4 vs 4 Defense
   Defense                  Defense                  Time % Phy DF OF 
 1 Brayden McNabb           Matt Roy                 55     1   2  2  
 2 John Marino              Dmitry Kulikov           45     1   2  2  

Last Minutes Offensive
   Center                   Left Wing                Right Wing               Defense                  Defense                  
   Ryan Nugent-Hopkins      Johnny Gaudreau          Joe Pavelski             John Marino              Matt Roy                 

Last Minutes Defensive
   Center                   Left Wing                Right Wing               Defense                  Defense                  
   Ryan Nugent-Hopkins      Vladislav Namestnikov    Joe Pavelski             Brayden McNabb           John Marino              

Goaltenders
Starting : Kaapo Kahkonen           
Backup : Sergei Bobrovsky         

Extra Forwards
Normal : Evan Rodrigues, Victor Olofsson, Joe Pavelski - PP : Brandon Hagel, Ty Dellandrea - PK : Evan Rodrigues
Extra Defensemen
Normal : John Marino, Dmitry Kulikov, Patrik Nemeth - PP : Dmitry Kulikov - PK : Jacob Bryson, John Marino
Penalty Shots
Johnny Gaudreau, Ryan Nugent-Hopkins, Joe Pavelski, Brandon Hagel, Evan Rodrigues
Custom OT Lines Forwards
Johnny Gaudreau, Ryan Nugent-Hopkins, Joe Pavelski, Brandon Hagel, Jeff Carter, Evan Rodrigues, Victor Olofsson, Ty Dellandrea, Vladislav Namestnikov, Jordan Greenway
Custom OT Lines Defensemen
Brayden McNabb, Matt Roy, John Marino, Dmitry Kulikov, Patrik Nemeth

Scratches
None

NORTH DAKOTA HAWKS

5 vs 5 Forward 
   Center                   Left Wing                Right Wing               Time % Phy DF OF 
 1 Jack Hughes              Jason Robertson          Jordan Kyrou             31     0   1  4  
 2 Nick Suzuki              Jake DeBrusk             Reyley Smith             29     0   1  4  
 3 Frederick Gaudreau       Dillon Dube              Emil Bemstrom            25     0   3  2  
 4 Connor Dewar             Garnet Hathaway          Alex Belzile             15     0   4  1  

5 vs 5 Defense 
   Defense                  Defense                                           Time % Phy DF OF 
 1 Ryan Lindgren            Cale Makar                                        38     0   1  4  
 2 Mathew Dumba             Nick Blankenburg                                  32     0   4  1  
 3 Connor Clifton           Erik Johnson                                      15     0   4  1  
 4 Connor Clifton           Erik Johnson                                      15     0   4  1  

PowerPlay Forward 
   Center                   Left Wing                Right Wing               Time % Phy DF OF 
 1 Jack Hughes              Jason Robertson          Jordan Kyrou             60     0   0  5  
 2 Nick Suzuki              Jake DeBrusk             Reyley Smith             40     0   0  5  

PowerPlay Defense
   Defense                  Defense                                           Time % Phy DF OF 
 1 Cale Makar               Dillon Dube                                       60     0   0  5  
 2 Nick Blankenburg         Frederick Gaudreau                                40     0   0  5  

Penalty Kill 4 Players Forward 
   Center                   Wing                     Time % Phy DF OF 
 1 Frederick Gaudreau       Garnet Hathaway          60     0   5  0  
 2 Nick Suzuki              Jake DeBrusk             40     0   5  0  

Penalty Kill 4 Players Defense
   Defense                  Defense                  Time % Phy DF OF 
 1 Mathew Dumba             Erik Johnson             60     0   5  0  
 2 Ryan Lindgren            Connor Clifton           40     0   5  0  

Penalty Kill - 3 Players Forward 
   Forward                                           Time % Phy DF OF 
 1 Frederick Gaudreau                                60     0   5  0  
 2 Nick Suzuki                                       40     0   5  0  

Penalty Kill - 3 Players Defense
   Defense                  Defense                  Time % Phy DF OF 
 1 Mathew Dumba             Erik Johnson             60     0   5  0  
 2 Ryan Lindgren            Connor Clifton           40     0   5  0  

4 vs 4 Forward 
   Center                   Wing                     Time % Phy DF OF 
 1 Jack Hughes              Jason Robertson          55     0   1  4  
 2 Nick Suzuki              Jake DeBrusk             45     0   1  4  

4 vs 4 Defense
   Defense                  Defense                  Time % Phy DF OF 
 1 Ryan Lindgren            Cale Makar               55     0   1  4  
 2 Mathew Dumba             Nick Blankenburg         45     0   4  1  

Last Minutes Offensive
   Center                   Left Wing                Right Wing               Defense                  Defense                  
   Nick Suzuki              Jason Robertson          Jordan Kyrou             Jack Hughes              Cale Makar               

Last Minutes Defensive
   Center                   Left Wing                Right Wing               Defense                  Defense                  
   Nick Suzuki              Jake DeBrusk             Reyley Smith             Mathew Dumba             Erik Johnson             

Goaltenders
Starting : Linus Ullmark            
Backup : Scott Wedgewood          

Extra Forwards
Normal : Emil Bemstrom, Alex Belzile, Connor Dewar - PP : Emil Bemstrom, Alex Belzile - PK : Connor Dewar
Extra Defensemen
Normal : Connor Clifton, Nick Blankenburg, Erik Johnson - PP : Ryan Lindgren - PK : Cale Makar, Nick Blankenburg
Penalty Shots
Jordan Kyrou, Jason Robertson, Jack Hughes, Nick Suzuki, Jake DeBrusk
Custom OT Lines Forwards
Jack Hughes, Jason Robertson, Jordan Kyrou, Nick Suzuki, Jake DeBrusk, Reyley Smith, Frederick Gaudreau, Dillon Dube, Emil Bemstrom, Alex Belzile
Custom OT Lines Defensemen
Cale Makar, Ryan Lindgren, Erik Johnson, Mathew Dumba, Connor Clifton

Scratches
Ben Hutton (Healthy), Nathan Walker (Healthy)

% Time on Ice - LAS VEGAS LIZARD KINGS

Lines # - Real PCT - Wanted PCT - Time Play
Normal Forward
1 - 37% - 37% - 19:47
2 - 30% - 30% - 15:59
3 - 24% - 25% - 13:10
4 - 9% - 8% - 5:07
Normal Defense
1 - 40% - 40% - 21:28
2 - 34% - 35% - 18:13
3 - 27% - 25% - 14:22
4 - 0% - 0% - 0:00
PP Forward
1 - 45% - 65% - 0:54
2 - 55% - 35% - 1:05
PP Defense
1 - 45% - 55% - 0:54
2 - 55% - 45% - 1:05
PK Forward
1 - 53% - 55% - 2:06
2 - 47% - 45% - 1:52
PK Defense
1 - 47% - 60% - 1:52
2 - 53% - 40% - 2:06
PK3 Forward
1 - 0% - 55%
2 - 0% - 45%
PK3 Defense
1 - 0% - 55%
2 - 0% - 45%
44 Forward
1 - 0% - 55%
2 - 0% - 45%
44 Defense
1 - 0% - 55%
2 - 0% - 45%
Last Minute Offensive  - 0:00
Last Minute Defensive  - 0:00
Total
Forward - 60:00
Defense - 60:00

% Time on Ice - NORTH DAKOTA HAWKS

Lines # - Real PCT - Wanted PCT - Time Play
Normal Forward
1 - 31% - 31% - 16:59
2 - 29% - 29% - 15:56
3 - 25% - 25% - 13:21
4 - 14% - 15% - 7:47
Normal Defense
1 - 38% - 38% - 20:21
2 - 33% - 32% - 17:44
3 - 15% - 15% - 8:00
4 - 15% - 15% - 7:58
PP Forward
1 - 50% - 60% - 2:00
2 - 50% - 40% - 1:58
PP Defense
1 - 32% - 60% - 1:16
2 - 68% - 40% - 2:42
PK Forward
1 - 68% - 60% - 1:21
2 - 32% - 40% - 0:38
PK Defense
1 - 58% - 60% - 1:09
2 - 42% - 40% - 0:50
PK3 Forward
1 - 0% - 60%
2 - 0% - 40%
PK3 Defense
1 - 0% - 60%
2 - 0% - 40%
44 Forward
1 - 0% - 55%
2 - 0% - 45%
44 Defense
1 - 0% - 55%
2 - 0% - 45%
Last Minute Offensive  - 0:00
Last Minute Defensive  - 0:00
Total
Forward - 60:00
Defense - 60:00

Play-by-Play

1st period


0:01 of 1st period - Ryan Nugent-Hopkins wins face-off versus Jack Hughes in neutral zone.
0:06 of 1st period - Shot by Joe Pavelski.
0:06 of 1st period - Stopped by Linus Ullmark with a rebound.
1:33 of 1st period - Reyley Smith is hit by Dmitry Kulikov and loses puck.
2:35 of 1st period - Shot by Dillon Dube.
2:35 of 1st period - Stopped by Kaapo Kahkonen without a rebound.
2:36 of 1st period - Luke Glendening wins face-off versus Connor Dewar in LAS VEGAS LIZARD KINGS zone.
2:42 of 1st period - Minor Penalty to Cale Makar for Holding.
2:43 of 1st period - Frederick Gaudreau wins face-off versus Ryan Nugent-Hopkins in NORTH DAKOTA HAWKS zone.
2:51 of 1st period - Icing by John Marino.
2:52 of 1st period - Ryan Nugent-Hopkins wins face-off versus Frederick Gaudreau in LAS VEGAS LIZARD KINGS zone.
3:42 of 1st period - Icing by Jeff Carter.
3:43 of 1st period - Jeff Carter wins face-off versus Nick Suzuki in LAS VEGAS LIZARD KINGS zone.
3:49 of 1st period - Shot by Jake DeBrusk.
3:49 of 1st period - Shot Misses the Net.
3:51 of 1st period - Shot by Mathew Dumba.
3:51 of 1st period - Shot Misses the Net.
3:53 of 1st period - Shot by Nick Suzuki.
3:53 of 1st period - Shot Blocked by Brayden McNabb.
3:55 of 1st period - Shot by Jake DeBrusk.
3:55 of 1st period - Deflect By Nick Suzuki.
3:55 of 1st period - Stopped by Kaapo Kahkonen without a rebound.
3:56 of 1st period - Jeff Carter wins face-off versus Frederick Gaudreau in LAS VEGAS LIZARD KINGS zone.
4:35 of 1st period - Connor Clifton is hit by Brandon Hagel and loses puck.
6:04 of 1st period - Shot by Jake DeBrusk.
6:04 of 1st period - Shot Misses the Net.
6:06 of 1st period - Shot by Mathew Dumba.
6:06 of 1st period - Stopped by Kaapo Kahkonen without a rebound.
6:07 of 1st period - Frederick Gaudreau wins face-off versus Jeff Carter in LAS VEGAS LIZARD KINGS zone.
6:28 of 1st period - Icing by Emil Bemstrom.
6:29 of 1st period - Ryan Nugent-Hopkins wins face-off versus Frederick Gaudreau in NORTH DAKOTA HAWKS zone.
6:32 of 1st period - Shot by Johnny Gaudreau.
6:32 of 1st period - Stopped by Linus Ullmark without a rebound.
6:33 of 1st period - Alex Belzile wins face-off versus Ryan Nugent-Hopkins in NORTH DAKOTA HAWKS zone.
6:46 of 1st period - Shot by Garnet Hathaway.
6:46 of 1st period - Shot Blocked by Ryan Nugent-Hopkins.
7:15 of 1st period - Brayden McNabb is hit by Garnet Hathaway and loses puck.
7:47 of 1st period - Shot by Brandon Hagel.
7:47 of 1st period - Shot Blocked by Ryan Lindgren.
8:39 of 1st period - Off-side.
8:40 of 1st period - Nick Suzuki wins face-off versus Ty Dellandrea in neutral zone.
8:47 of 1st period - Shot by Jake DeBrusk.
8:47 of 1st period - Shot Blocked by Jacob Bryson.
8:51 of 1st period - Shot by Jake DeBrusk.
8:51 of 1st period - Shot Blocked by Zemgus Girgensons.
10:31 of 1st period - Shot by Garnet Hathaway.
10:31 of 1st period - Stopped by Kaapo Kahkonen with a rebound.
10:33 of 1st period - Shot by Ryan Lindgren.
10:33 of 1st period - Stopped by Kaapo Kahkonen without a rebound.
10:34 of 1st period - Jeff Carter wins face-off versus Dillon Dube in LAS VEGAS LIZARD KINGS zone.
11:00 of 1st period - Icing by John Marino.
11:01 of 1st period - Nick Suzuki wins face-off versus Jeff Carter in LAS VEGAS LIZARD KINGS zone.
12:11 of 1st period - Shot by Ryan Nugent-Hopkins.
12:11 of 1st period - Stopped by Linus Ullmark without a rebound.
12:12 of 1st period - Luke Glendening wins face-off versus Connor Dewar in NORTH DAKOTA HAWKS zone.
12:49 of 1st period - Shot by Garnet Hathaway.
12:49 of 1st period - Shot Misses the Net.
12:51 of 1st period - Shot by Ryan Lindgren.
12:51 of 1st period - Stopped by Kaapo Kahkonen without a rebound.
12:52 of 1st period - Jack Hughes wins face-off versus Ryan Nugent-Hopkins in LAS VEGAS LIZARD KINGS zone.
12:59 of 1st period - Shot by Joe Pavelski.
12:59 of 1st period - Deflect By Ryan Nugent-Hopkins.
12:59 of 1st period - Shot Misses the Net.
13:08 of 1st period - Off-side.
13:09 of 1st period - Ty Dellandrea wins face-off versus Dillon Dube in neutral zone.
14:23 of 1st period - Shot by Ryan Nugent-Hopkins.
14:23 of 1st period - Shot Misses the Net.
14:35 of 1st period - Shot by Ryan Nugent-Hopkins.
14:35 of 1st period - Deflect By Johnny Gaudreau.
14:35 of 1st period - Shot Misses the Net.
14:37 of 1st period - Shot by Joe Pavelski.
14:37 of 1st period - Shot Misses the Net.
14:39 of 1st period - Shot by Ryan Nugent-Hopkins.
14:39 of 1st period - Stopped by Linus Ullmark without a rebound.
14:40 of 1st period - Jeff Carter wins face-off versus Nick Suzuki in NORTH DAKOTA HAWKS zone.
15:19 of 1st period - Shot by Brandon Hagel.
15:19 of 1st period - Shot Blocked by Mathew Dumba.
15:32 of 1st period - Off-side.
15:33 of 1st period - Jack Hughes wins face-off versus Ryan Nugent-Hopkins in neutral zone.
15:36 of 1st period - Shot by Jason Robertson.
15:36 of 1st period - Shot Misses the Net.
15:38 of 1st period - Shot by Jack Hughes.
15:38 of 1st period - Shot Misses the Net.
15:40 of 1st period - Shot by Jack Hughes.
15:40 of 1st period - Deflect By Jason Robertson.
15:40 of 1st period - Shot Blocked by Matt Roy.
15:42 of 1st period - Shot by Jordan Kyrou.
15:42 of 1st period - Goal by Jordan Kyrou - LAS VEGAS LIZARD KINGS : 0 - NORTH DAKOTA HAWKS : 1.
15:43 of 1st period - Ryan Nugent-Hopkins wins face-off versus Jack Hughes in neutral zone.
15:55 of 1st period - Off-side.
15:56 of 1st period - Ty Dellandrea wins face-off versus Alex Belzile in neutral zone.
16:36 of 1st period - Connor Clifton is hit by Zemgus Girgensons and loses puck.
17:28 of 1st period - Shot by Ryan Nugent-Hopkins.
17:28 of 1st period - Shot Misses the Net.
17:38 of 1st period - Shot by Joe Pavelski.
17:38 of 1st period - Stopped by Linus Ullmark with a rebound.
18:01 of 1st period - Jason Robertson is hit by Patrik Nemeth and loses puck.
18:10 of 1st period - Shot by Brandon Hagel.
18:10 of 1st period - Shot Misses the Net.
18:22 of 1st period - Shot by Evan Rodrigues.
18:22 of 1st period - Deflect By Brandon Hagel.
18:22 of 1st period - Stopped by Linus Ullmark without a rebound.
18:23 of 1st period - Luke Glendening wins face-off versus Nick Suzuki in NORTH DAKOTA HAWKS zone.
18:32 of 1st period - Shot by Victor Olofsson.
18:32 of 1st period - Shot Misses the Net.
18:34 of 1st period - Shot by Luke Glendening.
18:34 of 1st period - Stopped by Linus Ullmark without a rebound.
18:35 of 1st period - Frederick Gaudreau wins face-off versus Jeff Carter in NORTH DAKOTA HAWKS zone.
18:52 of 1st period - Shot by Brandon Hagel.
18:52 of 1st period - Goal by Brandon Hagel - LAS VEGAS LIZARD KINGS : 1 - NORTH DAKOTA HAWKS : 1.
18:53 of 1st period - Ryan Nugent-Hopkins wins face-off versus Nick Suzuki in neutral zone.
19:11 of 1st period - Ryan Nugent-Hopkins is hit by Nick Blankenburg and loses puck.
Goals for this period are 1 for LAS VEGAS LIZARD KINGS vs 1 for NORTH DAKOTA HAWKS.
Shots for this period are 8 for LAS VEGAS LIZARD KINGS vs 7 for NORTH DAKOTA HAWKS.

2nd period


0:01 of 2nd period - Jeff Carter wins face-off versus Dillon Dube in neutral zone.
0:01 of 2nd period - Brandon Hagel is hit by Emil Bemstrom and loses puck.
0:24 of 2nd period - Icing by Nick Blankenburg.
0:25 of 2nd period - Ryan Nugent-Hopkins wins face-off versus Frederick Gaudreau in NORTH DAKOTA HAWKS zone.
0:28 of 2nd period - Shot by Ryan Nugent-Hopkins.
0:28 of 2nd period - Stopped by Linus Ullmark without a rebound.
0:29 of 2nd period - Nick Suzuki wins face-off versus Ryan Nugent-Hopkins in NORTH DAKOTA HAWKS zone.
0:36 of 2nd period - Shot by Jake DeBrusk.
0:36 of 2nd period - Stopped by Kaapo Kahkonen without a rebound.
0:37 of 2nd period - Nick Suzuki wins face-off versus Jeff Carter in LAS VEGAS LIZARD KINGS zone.
0:42 of 2nd period - Shot by Nick Suzuki.
0:42 of 2nd period - Stopped by Kaapo Kahkonen without a rebound.
0:43 of 2nd period - Frederick Gaudreau wins face-off versus Jeff Carter in LAS VEGAS LIZARD KINGS zone.
0:50 of 2nd period - Brayden McNabb is hit by Dillon Dube and loses puck.
2:38 of 2nd period - Shot by Vladislav Namestnikov.
2:38 of 2nd period - Stopped by Linus Ullmark without a rebound.
2:39 of 2nd period - Nick Suzuki wins face-off versus Luke Glendening in NORTH DAKOTA HAWKS zone.
2:39 of 2nd period - Nick Suzuki is hit by Luke Glendening.
2:57 of 2nd period - Shot by Nick Suzuki.
2:57 of 2nd period - Shot Blocked by Patrik Nemeth.
2:59 of 2nd period - Shot by Nick Suzuki.
2:59 of 2nd period - Shot Misses the Net.
3:00 of 2nd period - Minor Penalty to Jacob Bryson for High sticking.
3:01 of 2nd period - Jack Hughes wins face-off versus Ty Dellandrea in LAS VEGAS LIZARD KINGS zone.
3:14 of 2nd period - Shot by Jason Robertson.
3:14 of 2nd period - Shot Misses the Net.
4:17 of 2nd period - Icing by Jake DeBrusk.
4:18 of 2nd period - Joe Pavelski wins face-off versus Jake DeBrusk in NORTH DAKOTA HAWKS zone.
5:28 of 2nd period - Luke Glendening is hit by Mathew Dumba and loses puck.
5:38 of 2nd period - Icing by Mathew Dumba.
5:39 of 2nd period - Jeff Carter wins face-off versus Connor Dewar in NORTH DAKOTA HAWKS zone.
6:11 of 2nd period - Shot by Brandon Hagel.
6:11 of 2nd period - Stopped by Linus Ullmark without a rebound.
6:12 of 2nd period - Ty Dellandrea wins face-off versus Nick Suzuki in NORTH DAKOTA HAWKS zone.
6:24 of 2nd period - Off-side.
6:25 of 2nd period - Ryan Nugent-Hopkins wins face-off versus Jack Hughes in neutral zone.
8:02 of 2nd period - Shot by Vladislav Namestnikov.
8:02 of 2nd period - Shot Misses the Net.
8:16 of 2nd period - Shot by Evan Rodrigues.
8:16 of 2nd period - Shot Misses the Net.
8:21 of 2nd period - Icing by Cale Makar.
8:22 of 2nd period - Nick Suzuki wins face-off versus Luke Glendening in NORTH DAKOTA HAWKS zone.
8:22 of 2nd period - Nick Suzuki is hit by Jordan Greenway.
8:46 of 2nd period - Shot by Jason Robertson.
8:46 of 2nd period - Shot Blocked by Jacob Bryson.
8:48 of 2nd period - Shot by Jason Robertson.
8:48 of 2nd period - Shot Misses the Net.
8:54 of 2nd period - Shot by Jack Hughes.
8:54 of 2nd period - Shot Blocked by Jacob Bryson.
8:56 of 2nd period - Shot by Mathew Dumba.
8:56 of 2nd period - Shot Blocked by Jacob Bryson.
8:58 of 2nd period - Shot by Mathew Dumba.
8:58 of 2nd period - Shot Misses the Net.
9:00 of 2nd period - Shot by Jordan Kyrou.
9:00 of 2nd period - Deflect By Jason Robertson.
9:00 of 2nd period - Shot Misses the Net.
9:02 of 2nd period - Shot by Mathew Dumba.
9:02 of 2nd period - Stopped by Kaapo Kahkonen without a rebound.
9:03 of 2nd period - Frederick Gaudreau wins face-off versus Jeff Carter in LAS VEGAS LIZARD KINGS zone.
9:10 of 2nd period - Shot by Emil Bemstrom.
9:10 of 2nd period - Stopped by Kaapo Kahkonen without a rebound.
9:11 of 2nd period - Johnny Gaudreau wins face-off versus Connor Dewar in LAS VEGAS LIZARD KINGS zone.
9:18 of 2nd period - Shot by Joe Pavelski.
9:18 of 2nd period - Stopped by Linus Ullmark without a rebound.
9:19 of 2nd period - Evan Rodrigues wins face-off versus Frederick Gaudreau in NORTH DAKOTA HAWKS zone.
9:20 of 2nd period - Shot by Jeff Carter.
9:20 of 2nd period - Shot Misses the Net.
9:22 of 2nd period - Shot by Evan Rodrigues.
9:22 of 2nd period - Goal by Evan Rodrigues - LAS VEGAS LIZARD KINGS : 2 - NORTH DAKOTA HAWKS : 1.
9:23 of 2nd period - Jeff Carter wins face-off versus Jack Hughes in neutral zone.
9:23 of 2nd period - Jeff Carter is hit by Jordan Kyrou.
9:35 of 2nd period - Brayden McNabb is hit by Jack Hughes and loses puck.
10:45 of 2nd period - Icing by Cale Makar.
10:46 of 2nd period - Nick Suzuki wins face-off versus Ty Dellandrea in NORTH DAKOTA HAWKS zone.
10:52 of 2nd period - Off-side.
10:53 of 2nd period - Ty Dellandrea wins face-off versus Frederick Gaudreau in neutral zone.
11:07 of 2nd period - Shot by Vladislav Namestnikov.
11:07 of 2nd period - Stopped by Linus Ullmark without a rebound.
11:08 of 2nd period - Ryan Nugent-Hopkins wins face-off versus Nick Suzuki in NORTH DAKOTA HAWKS zone.
11:32 of 2nd period - Icing by Brayden McNabb.
11:33 of 2nd period - Frederick Gaudreau wins face-off versus Johnny Gaudreau in LAS VEGAS LIZARD KINGS zone.
12:14 of 2nd period - Icing by Brayden McNabb.
12:15 of 2nd period - Connor Dewar wins face-off versus Ryan Nugent-Hopkins in LAS VEGAS LIZARD KINGS zone.
12:45 of 2nd period - Shot by Alex Belzile.
12:45 of 2nd period - Deflect By Garnet Hathaway.
12:45 of 2nd period - Stopped by Kaapo Kahkonen without a rebound.
12:46 of 2nd period - Nick Suzuki wins face-off versus Jeff Carter in LAS VEGAS LIZARD KINGS zone.
12:47 of 2nd period - Shot by Cale Makar.
12:47 of 2nd period - Shot Misses the Net.
12:59 of 2nd period - Shot by Evan Rodrigues.
12:59 of 2nd period - Shot Blocked by Ryan Lindgren.
13:01 of 2nd period - Shot by Jeff Carter.
13:01 of 2nd period - Stopped by Linus Ullmark without a rebound.
13:02 of 2nd period - Vladislav Namestnikov wins face-off versus Jack Hughes in NORTH DAKOTA HAWKS zone.
13:02 of 2nd period - Vladislav Namestnikov is hit by Connor Clifton.
13:14 of 2nd period - Shot by Vladislav Namestnikov.
13:14 of 2nd period - Shot Misses the Net.
13:32 of 2nd period - Shot by Ty Dellandrea.
13:32 of 2nd period - Deflect By Vladislav Namestnikov.
13:32 of 2nd period - Shot Misses the Net.
14:05 of 2nd period - Icing by Brandon Hagel.
14:06 of 2nd period - Nick Suzuki wins face-off versus Jeff Carter in LAS VEGAS LIZARD KINGS zone.
15:49 of 2nd period - Icing by Dillon Dube.
15:50 of 2nd period - Ty Dellandrea wins face-off versus Emil Bemstrom in NORTH DAKOTA HAWKS zone.
16:04 of 2nd period - Frederick Gaudreau is hit by John Marino and loses puck.
16:38 of 2nd period - Icing by John Marino.
16:39 of 2nd period - Jack Hughes wins face-off versus Ty Dellandrea in LAS VEGAS LIZARD KINGS zone.
16:40 of 2nd period - Shot by Jordan Kyrou.
16:40 of 2nd period - Shot Misses the Net.
16:42 of 2nd period - Shot by Ryan Lindgren.
16:42 of 2nd period - Stopped by Kaapo Kahkonen without a rebound.
16:43 of 2nd period - Ryan Nugent-Hopkins wins face-off versus Jack Hughes in LAS VEGAS LIZARD KINGS zone.
16:58 of 2nd period - Shot by Joe Pavelski.
16:58 of 2nd period - Stopped by Linus Ullmark without a rebound.
16:59 of 2nd period - Jeff Carter wins face-off versus Nick Suzuki in NORTH DAKOTA HAWKS zone.
17:31 of 2nd period - Icing by Erik Johnson.
17:32 of 2nd period - Ryan Nugent-Hopkins wins face-off versus Nick Suzuki in NORTH DAKOTA HAWKS zone.
17:33 of 2nd period - Shot by Joe Pavelski.
17:33 of 2nd period - Shot Misses the Net.
17:52 of 2nd period - Shot by Jake DeBrusk.
17:52 of 2nd period - Stopped by Kaapo Kahkonen without a rebound.
17:53 of 2nd period - Jack Hughes wins face-off versus Ty Dellandrea in LAS VEGAS LIZARD KINGS zone.
17:54 of 2nd period - Shot by Jordan Kyrou.
17:54 of 2nd period - Shot Blocked by John Marino.
17:56 of 2nd period - Shot by Jack Hughes.
17:56 of 2nd period - Stopped by Kaapo Kahkonen without a rebound.
17:57 of 2nd period - Jack Hughes wins face-off versus Ryan Nugent-Hopkins in LAS VEGAS LIZARD KINGS zone.
18:42 of 2nd period - Shot by Ryan Nugent-Hopkins.
18:42 of 2nd period - Stopped by Linus Ullmark without a rebound.
18:43 of 2nd period - Frederick Gaudreau wins face-off versus Jeff Carter in NORTH DAKOTA HAWKS zone.
18:48 of 2nd period - Shot by Jeff Carter.
18:48 of 2nd period - Shot Misses the Net.
19:03 of 2nd period - Shot by Brandon Hagel.
19:03 of 2nd period - Shot Misses the Net.
19:54 of 2nd period - Brandon Hagel is hit by Garnet Hathaway and loses puck.
Goals for this period are 1 for LAS VEGAS LIZARD KINGS vs 0 for NORTH DAKOTA HAWKS.
Shots for this period are 9 for LAS VEGAS LIZARD KINGS vs 8 for NORTH DAKOTA HAWKS.

3rd period


0:01 of 3rd period - Nick Suzuki wins face-off versus Ty Dellandrea in neutral zone.
0:39 of 3rd period - Shot by Nick Suzuki.
0:39 of 3rd period - Shot Misses the Net.
0:41 of 3rd period - Shot by Nick Suzuki.
0:41 of 3rd period - Stopped by Kaapo Kahkonen with a rebound.
0:43 of 3rd period - Shot by Nick Suzuki.
0:43 of 3rd period - Goal by Nick Suzuki - LAS VEGAS LIZARD KINGS : 2 - NORTH DAKOTA HAWKS : 2.
0:44 of 3rd period - Ryan Nugent-Hopkins wins face-off versus Jack Hughes in neutral zone.
0:53 of 3rd period - Shot by Ryan Nugent-Hopkins.
0:53 of 3rd period - Shot Misses the Net.
1:11 of 3rd period - Shot by Jack Hughes.
1:11 of 3rd period - Shot Misses the Net.
1:13 of 3rd period - Shot by Jack Hughes.
1:13 of 3rd period - Shot Misses the Net.
1:15 of 3rd period - Shot by Jordan Kyrou.
1:15 of 3rd period - Shot Misses the Net.
1:18 of 3rd period - Jordan Kyrou is hit by John Marino and loses puck.
1:23 of 3rd period - Shot by Jack Hughes.
1:23 of 3rd period - Shot Blocked by John Marino.
1:27 of 3rd period - Shot by Jordan Kyrou.
1:27 of 3rd period - Shot Misses the Net.
1:45 of 3rd period - Icing by Ryan Nugent-Hopkins.
1:46 of 3rd period - Ryan Nugent-Hopkins wins face-off versus Emil Bemstrom in LAS VEGAS LIZARD KINGS zone.
1:55 of 3rd period - Shot by Cale Makar.
1:55 of 3rd period - Shot Misses the Net.
1:57 of 3rd period - Shot by Frederick Gaudreau.
1:57 of 3rd period - Stopped by Kaapo Kahkonen without a rebound.
1:58 of 3rd period - Ty Dellandrea wins face-off versus Nick Suzuki in LAS VEGAS LIZARD KINGS zone.
1:58 of 3rd period - Ty Dellandrea is hit by Reyley Smith.
3:01 of 3rd period - Shot by Brandon Hagel.
3:01 of 3rd period - Shot Blocked by Erik Johnson.
3:03 of 3rd period - Shot by Evan Rodrigues.
3:03 of 3rd period - Stopped by Linus Ullmark without a rebound.
3:04 of 3rd period - Luke Glendening wins face-off versus Emil Bemstrom in NORTH DAKOTA HAWKS zone.
3:04 of 3rd period - Jordan Greenway is hit by Cale Makar and loses puck.
3:14 of 3rd period - Victor Olofsson is hit by Cale Makar and loses puck.
3:25 of 3rd period - Shot by Victor Olofsson.
3:25 of 3rd period - Shot Misses the Net.
4:28 of 3rd period - Shot by Jack Hughes.
4:28 of 3rd period - Stopped by Kaapo Kahkonen without a rebound.
4:29 of 3rd period - Jeff Carter wins face-off versus Connor Dewar in LAS VEGAS LIZARD KINGS zone.
4:31 of 3rd period - Brandon Hagel is hit by Garnet Hathaway and loses puck.
4:42 of 3rd period - Shot by Jeff Carter.
4:42 of 3rd period - Stopped by Linus Ullmark without a rebound.
4:43 of 3rd period - Nick Suzuki wins face-off versus Ty Dellandrea in NORTH DAKOTA HAWKS zone.
4:53 of 3rd period - Minor Penalty to Vladislav Namestnikov for Holding.
4:54 of 3rd period - Ty Dellandrea wins face-off versus Jack Hughes in LAS VEGAS LIZARD KINGS zone.
5:14 of 3rd period - Shot by Cale Makar.
5:14 of 3rd period - Shot Blocked by Dmitry Kulikov.
6:03 of 3rd period - Shot by Nick Blankenburg.
6:03 of 3rd period - Shot Misses the Net.
6:07 of 3rd period - Shot by Jake DeBrusk.
6:07 of 3rd period - Shot Misses the Net.
6:09 of 3rd period - Shot by Reyley Smith.
6:09 of 3rd period - Shot Blocked by John Marino.
6:11 of 3rd period - Shot by Frederick Gaudreau.
6:11 of 3rd period - Shot Misses the Net.
6:13 of 3rd period - Shot by Jake DeBrusk.
6:13 of 3rd period - Stopped by Kaapo Kahkonen without a rebound.
6:14 of 3rd period - Nick Suzuki wins face-off versus Joe Pavelski in LAS VEGAS LIZARD KINGS zone.
6:29 of 3rd period - Shot by Nick Suzuki.
6:29 of 3rd period - Shot Misses the Net.
6:39 of 3rd period - Shot by Frederick Gaudreau.
6:39 of 3rd period - Shot Blocked by Patrik Nemeth.
6:41 of 3rd period - Shot by Nick Suzuki.
6:41 of 3rd period - Shot Hit the Post.
7:25 of 3rd period - Shot by Jordan Greenway.
7:25 of 3rd period - Shot Blocked by Connor Clifton.
7:47 of 3rd period - Jack Hughes is hit by Brandon Hagel and loses puck.
9:43 of 3rd period - Shot by Jake DeBrusk.
9:43 of 3rd period - Shot Misses the Net.
9:55 of 3rd period - Shot by Nick Suzuki.
9:55 of 3rd period - Shot Misses the Net.
10:01 of 3rd period - Shot by Jake DeBrusk.
10:01 of 3rd period - Deflect By Reyley Smith.
10:01 of 3rd period - Stopped by Kaapo Kahkonen without a rebound.
10:02 of 3rd period - Ty Dellandrea wins face-off versus Connor Dewar in LAS VEGAS LIZARD KINGS zone.
10:46 of 3rd period - Icing by Matt Roy.
10:47 of 3rd period - Jack Hughes wins face-off versus Ty Dellandrea in LAS VEGAS LIZARD KINGS zone.
11:30 of 3rd period - Shot by Brandon Hagel.
11:30 of 3rd period - Stopped by Linus Ullmark without a rebound.
11:31 of 3rd period - Nick Suzuki wins face-off versus Luke Glendening in NORTH DAKOTA HAWKS zone.
11:44 of 3rd period - Shot by Reyley Smith.
11:44 of 3rd period - Shot Blocked by John Marino.
11:46 of 3rd period - Shot by Nick Suzuki.
11:46 of 3rd period - Shot Blocked by Dmitry Kulikov.
11:48 of 3rd period - Shot by Jake DeBrusk.
11:48 of 3rd period - Stopped by Kaapo Kahkonen with a rebound.
11:52 of 3rd period - Shot by Jake DeBrusk.
11:52 of 3rd period - Shot Misses the Net.
12:02 of 3rd period - Shot by Nick Suzuki.
12:02 of 3rd period - Stopped by Kaapo Kahkonen without a rebound.
12:03 of 3rd period - Frederick Gaudreau wins face-off versus Ryan Nugent-Hopkins in LAS VEGAS LIZARD KINGS zone.
12:13 of 3rd period - Icing by Matt Roy.
12:14 of 3rd period - Ryan Nugent-Hopkins wins face-off versus Jack Hughes in LAS VEGAS LIZARD KINGS zone.
12:25 of 3rd period - Jordan Kyrou is hit by Matt Roy and loses puck.
12:44 of 3rd period - Shot by Ryan Nugent-Hopkins.
12:44 of 3rd period - Stopped by Linus Ullmark with a rebound.
13:18 of 3rd period - Shot by Brandon Hagel.
13:18 of 3rd period - Stopped by Linus Ullmark without a rebound.
13:19 of 3rd period - Ty Dellandrea wins face-off versus Frederick Gaudreau in NORTH DAKOTA HAWKS zone.
13:59 of 3rd period - Icing by Frederick Gaudreau.
14:00 of 3rd period - Jeff Carter wins face-off versus Frederick Gaudreau in NORTH DAKOTA HAWKS zone.
14:01 of 3rd period - Shot by Brandon Hagel.
14:01 of 3rd period - Deflect By Evan Rodrigues.
14:01 of 3rd period - Shot Misses the Net.
14:04 of 3rd period - Icing by Cale Makar.
14:05 of 3rd period - Jeff Carter wins face-off versus Frederick Gaudreau in NORTH DAKOTA HAWKS zone.
14:26 of 3rd period - Shot by Brandon Hagel.
14:26 of 3rd period - Stopped by Linus Ullmark without a rebound.
14:27 of 3rd period - Nick Suzuki wins face-off versus Ryan Nugent-Hopkins in NORTH DAKOTA HAWKS zone.
14:31 of 3rd period - Nick Suzuki is hit by Ryan Nugent-Hopkins.
15:09 of 3rd period - Icing by Jacob Bryson.
15:10 of 3rd period - Jack Hughes wins face-off versus Johnny Gaudreau in LAS VEGAS LIZARD KINGS zone.
16:07 of 3rd period - Icing by Brayden McNabb.
16:08 of 3rd period - Nick Suzuki wins face-off versus Jeff Carter in LAS VEGAS LIZARD KINGS zone.
16:34 of 3rd period - Shot by Nick Suzuki.
16:34 of 3rd period - Shot Misses the Net.
16:36 of 3rd period - Shot by Nick Suzuki.
16:36 of 3rd period - Stopped by Kaapo Kahkonen with a rebound.
16:46 of 3rd period - Shot by Nick Suzuki.
16:46 of 3rd period - Shot Blocked by Brayden McNabb.
16:48 of 3rd period - Shot by Nick Suzuki.
16:48 of 3rd period - Shot Hit the Post.
17:08 of 3rd period - Shot by Dillon Dube.
17:08 of 3rd period - Stopped by Kaapo Kahkonen without a rebound.
17:09 of 3rd period - Ty Dellandrea wins face-off versus Connor Dewar in LAS VEGAS LIZARD KINGS zone.
17:18 of 3rd period - Shot by Alex Belzile.
17:18 of 3rd period - Shot Misses the Net.
17:41 of 3rd period - Shot by Alex Belzile.
17:41 of 3rd period - Stopped by Kaapo Kahkonen without a rebound.
17:42 of 3rd period - Frederick Gaudreau wins face-off versus Joe Pavelski in LAS VEGAS LIZARD KINGS zone.
17:57 of 3rd period - Frederick Gaudreau is hit by Jacob Bryson and loses puck.
18:50 of 3rd period - John Marino is hit by Jake DeBrusk and loses puck.
19:05 of 3rd period - Shot by Nick Suzuki.
19:05 of 3rd period - Shot Blocked by John Marino.
19:43 of 3rd period - Mathew Dumba is hit by Victor Olofsson.
19:44 of 3rd period - Icing by Mathew Dumba.
19:45 of 3rd period - Jeff Carter wins face-off versus Jack Hughes in NORTH DAKOTA HAWKS zone.
Goals for this period are 0 for LAS VEGAS LIZARD KINGS vs 1 for NORTH DAKOTA HAWKS.
Shots for this period are 6 for LAS VEGAS LIZARD KINGS vs 11 for NORTH DAKOTA HAWKS.

Overtime #1


0:01 of 1st overtime period - Ryan Nugent-Hopkins wins face-off versus Jack Hughes in neutral zone.
1:10 of 1st overtime period - Shot by Jordan Kyrou.
1:10 of 1st overtime period - Shot Misses the Net.
1:17 of 1st overtime period - Off-side.
1:18 of 1st overtime period - Nick Suzuki wins face-off versus Joe Pavelski in neutral zone.
1:29 of 1st overtime period - Shot by Nick Suzuki.
1:29 of 1st overtime period - Stopped by Kaapo Kahkonen without a rebound.
1:30 of 1st overtime period - Joe Pavelski wins face-off versus Jack Hughes in LAS VEGAS LIZARD KINGS zone.
1:47 of 1st overtime period - Shot by Joe Pavelski.
1:47 of 1st overtime period - Stopped by Linus Ullmark without a rebound.
1:48 of 1st overtime period - Ryan Nugent-Hopkins wins face-off versus Jack Hughes in NORTH DAKOTA HAWKS zone.
2:53 of 1st overtime period - Shot by Nick Suzuki.
2:53 of 1st overtime period - Shot Blocked by Matt Roy.
3:05 of 1st overtime period - Shot by Nick Suzuki.
3:05 of 1st overtime period - Shot Misses the Net.
3:07 of 1st overtime period - Shot by Ryan Lindgren.
3:07 of 1st overtime period - Shot Blocked by Brandon Hagel.
3:15 of 1st overtime period - Shot by Jordan Kyrou.
3:15 of 1st overtime period - Stopped by Kaapo Kahkonen without a rebound.
3:16 of 1st overtime period - Jeff Carter wins face-off versus Jack Hughes in LAS VEGAS LIZARD KINGS zone.
3:27 of 1st overtime period - Shot by Jack Hughes.
3:27 of 1st overtime period - Stopped by Kaapo Kahkonen without a rebound.
3:28 of 1st overtime period - Nick Suzuki wins face-off versus Ryan Nugent-Hopkins in LAS VEGAS LIZARD KINGS zone.
3:41 of 1st overtime period - Shot by Jordan Kyrou.
3:41 of 1st overtime period - Shot Misses the Net.
3:55 of 1st overtime period - Shot by Jordan Kyrou.
3:55 of 1st overtime period - Shot Misses the Net.
3:57 of 1st overtime period - Shot by Nick Suzuki.
3:57 of 1st overtime period - Goal by Nick Suzuki - LAS VEGAS LIZARD KINGS : 2 - NORTH DAKOTA HAWKS : 3.
Goals for this period are 0 for LAS VEGAS LIZARD KINGS vs 1 for NORTH DAKOTA HAWKS.
Shots for this period are 1 for LAS VEGAS LIZARD KINGS vs 4 for NORTH DAKOTA HAWKS.


BLAKE
WHEELER
STEVEN
STAMKOS
DREW
DOUGHTY

EAST COAST

HOCKEY LEAGUE

  • 63.RHI2PIT5
  • 64.WOR4ATL3
  • 65.QUECHW
  • 66.CHATRV